 Dungeon Crawl Stone Soup version 0.29-a0-334-gb41bcbb86e (webtiles) character file.

Game seed: 4087884213524886735

7 jlumianski the Skirmisher (level 1, 0/18 HPs)
             Began as a Demonspawn Fighter on Apr 14, 2022.
             Succumbed to an adder's poison
             ... on level 2 of the Dungeon.
             The game lasted 00:01:23 (289 turns).

jlumianski the Skirmisher (Demonspawn Fighter)       Turns: 289, Time: 00:01:24

Health: 0/18       AC:  7    Str: 16    XL:     1   Next: 83%
Magic:  1/1        EV:  8    Int:  9    God:
Gold:   11         SH:  4    Dex: 12    Spells: 0/0 levels left

rFire   . . .      SeeInvis .   a - +0 war axe
rCold   . . .      Faith    .   c - +0 buckler
rNeg    . . .      Spirit   .   b - +0 scale mail
rPois   .          Reflect  .   g - +0 helmet
rElec   .          Harm     .   (no cloak)
rCorr   .          Rampage  .   (no gloves)
Will    +....                   (no boots)
Stlth   ..........              (no amulet)
HPRegen 0.06/turn               f - ring of willpower
MPRegen 0.07/turn               (no ring)

@: mighty, lethally poisoned (0 -> -11)
A: no striking features
a: no special abilities


You were on level 2 of the Dungeon.
You visited 1 branch of the dungeon, and saw 2 of its levels.

You collected 11 gold pieces.

Inventory:

Hand Weapons
 a - a +0 war axe (weapon)
Missiles
 e - 23 stones (quivered)
Armour
 b - a +0 scale mail (worn)
 c - a +0 buckler (worn)
 g - a +0 helmet (worn)
Jewellery
 f - a ring of willpower (left hand)
Scrolls
 h - a scroll of identify {unknown}


   Skills:
 + Level 3.1 Fighting
 + Level 1.8 Axes
 + Level 2.8 Armour
 + Level 2.8 Shields


You couldn't memorise any spells.
You didn't know any spells.
Your spell library was empty.

Dungeon Overview and Level Annotations

Branches:
Dungeon (2/15)

Altars:


Message History

You miss the adder. The adder bites you but does no damage.
The adder bites you.
You are poisoned.
The adder poisons you!
You barely miss the adder.
You feel sick. The adder closely misses you. You block the adder's attack.
You barely miss the adder.
You feel sick. The adder closely misses you.
The adder bites you but does no damage.
You miss the adder.
You feel sick. The adder completely misses you.
The adder bites you but does no damage.
You barely miss the adder.
You feel sick.
You are no longer poisoned.
The adder bites you but does no damage. The adder barely misses you.
You closely miss the adder. The adder bites you but does no damage.
You block the adder's attack.
You barely miss the adder. The adder bites you.
You closely miss the adder.
The adder bites you but does no damage. x2
You miss the adder. You block the adder's attack.
The adder bites you but does no damage.
You barely miss the adder. The adder barely misses you. The adder bites you.
You hit the adder.
The adder is lightly wounded.
The adder bites you but does no damage. The adder closely misses you.
You closely miss the adder. The adder bites you but does no damage.
The adder closely misses you.
You miss the adder.
The adder bites you but does no damage. x2
You hit the adder.
The adder is lightly wounded.
The adder bites you.
You are lethally poisoned!
The adder poisons you! The adder bites you but does no damage.
You barely miss the adder.
The adder is lightly wounded.
* * * LOW HITPOINT WARNING * * *
You feel sick. The adder bites you.
* * * LOW HITPOINT WARNING * * *
You are more poisoned.
The adder poisons you! The adder bites you but does no damage.
You feel very mighty all of a sudden.
You die...

#########
#........
#........
#........
#........
#........
#S.......
#@.......
#........
#########


You could see an adder.

Vanquished Creatures
  A giant cockroach (D:2)
  2 goblins (D:1)
  2 hobgoblins (D:1)
5 creatures vanquished.

Notes
Turn   | Place    | Note
-------+----------+-------------------------------------------
     0 | D:1      | jlumianski the Demonspawn Fighter began the quest for the
                  | Orb.
     0 | D:1      | Reached XP level 1. HP: 18/18 MP: 1/1
   289 | D:2      | Succumbed to an adder's poison

Illustrated notes

Levels and vault maps discovered:
D:1:      dpeg_arrival_water_fire, layout_loops_ring,
          shapermc_ecumenical_altar_acropolis
D:2:      layout_rooms

Action                   || total
-------------------------++-------
Melee: War axe           ||    26
  Use: Potion            ||     1
Armor: Scale mail        ||    21
Dodge: Dodged            ||    11
Block: Buckler           ||     5

Table legend: (Time is in decaauts)
 A = Elapsed time spent in this place.
 B = Non-inter-level travel time spent in this place.
 C = Inter-level travel time spent in this place.
 D = Time resting spent in this place.
 E = Time spent auto-exploring this place.
 F = Levels seen in this place.
 G = Mean time per level.
                   A        B        C        D        E       F      G
               +--------+--------+--------+--------+--------+-----+--------+
         Total |    301 |    301 |      0 |      0 |     50 |   2 |  150.5 |
       Dungeon |    301 |    301 |      0 |      0 |     50 |   2 |  150.5 |
               +--------+--------+--------+--------+--------+-----+--------+

Top non-repeatable levels by time:
     D:1: 263 daAuts
     D:2: 38 daAuts
